 Dungeon Crawl Stone Soup version 0.20.1-1-g8b1a95d (webtiles) character file.

554439 Musashi the Slayer (level 25, -43/253 HPs)
             Began as a Minotaur Berserker on Dec 6, 2017.
             Was the Champion of Trog.
             Killed from afar by a Brimstone Fiend (53 damage)
             ... with damnation
             ... summoned by a deep elf demonologist
             ... led by an ironheart preserver
             ... on level 5 of the Vaults on Dec 16, 2017.
             The game lasted 10:17:30 (70647 turns).

Musashi the Slayer (Minotaur Berserker)            Turns: 70647, Time: 10:17:31

Health: -43/253    AC: 45    Str: 33    XL:     25   Next: 65%
Magic:  24/24      EV: 18    Int:  6    God:    Trog [******]
Gold:   7541       SH: 28    Dex: 16    Spells: 24/24 levels left

rFire    + + +     SeeInvis .   a - +9 broad axe (venom)
rCold    + . .     Gourm    .   y - +5 shield {AC+3}
rNeg     . . .     Faith    .   O - +2 gold dragon scales
rPois    +         Spirit   .   t - +4 hat of Nemnes {+Blink}
rElec    +         Reflect  +   Q - +5 cloak of the First Snow {rF++ Str+5}
rCorr    +         Harm     .   m - +2 pair of gloves {archery}
MR       +....     Clarity  +   G - +2 pair of boots
Stlth    ..........             T - +4 amulet of reflection
Regen    0.6/turn               V - +6 ring of evasion
MPRegen  0.2/turn               E - ring "Dixta" {rCorr rElec rF+}

@: lethally poisoned (-43 -> -45), slowed, studying Stealth, very slow
A: retaliatory headbutt, horns 2, agile 1, clarity
}: 2/15 runes: barnacled, gossamer
a: Berserk, Trog's Hand, Brothers in Arms, Burn Spellbooks, Renounce Religion,
Evoke Blink


You were on level 5 of the Vaults.
You worshipped Trog.
Trog was exalted by your worship.
You were hungry.

You visited 8 branches of the dungeon, and saw 42 of its levels.
You visited the Abyss 1 time.
You also visited: Bailey and Wizlab.

You collected 12446 gold pieces.
You spent 4905 gold pieces at shops.

Inventory:

Hand Weapons
 a - a +9 broad axe of venom (weapon)
 b - a +9 fustibalus of flaming
 d - a +5 antimagic broad axe
 j - a +3 demon blade of flaming
Missiles
 e - 16 javelins of penetration (quivered)
 W - 359 sling bullets
Armour
 m - a +2 pair of gloves of archery (worn)
 s - a scarf of cloud immunity
 t - the +4 hat of Nemnes (worn) {+Blink}
   (You found it on level 1 of the Orcish Mines)

   It lets you blink.
 y - a +5 shield of protection (worn)
 G - a +2 pair of boots (worn)
 O - +2 gold dragon scales (worn)
 Q - the +5 cloak of the First Snow (worn) {rF++ Str+5}
   (You found it on level 2 of the Lair of Beasts)

   It affects your strength (+5).
   It greatly protects you from fire.
Jewellery
 n - a +5 ring of strength
 v - the ring "Meruus" {rF++ MR+ AC-3 Str+3}
   (You found it in a wizard's laboratory)

   [ring of protection]

   It affects your AC (-3).
   It affects your strength (+3).
   It greatly protects you from fire.
   It affects your resistance to hostile enchantments.
 D - a +6 ring of dexterity
 E - the ring "Dixta" (right hand) {rCorr rElec rF+}
   (You took it off a deep elf sorcerer on level 4 of the Depths)

   [ring of resist corrosion]

   It protects you from fire.
   It insulates you from electricity.
 N - an uncursed ring of see invisible
 P - an uncursed ring of positive energy
 T - a +4 amulet of reflection (around neck)
 U - the ring of Xom's Whimsicality {+Fly MR++ Int+2 Dex-3}
   (You took it off a merfolk siren on level 4 of the Shoals)

   [ring of dexterity]

   It affects your intelligence (+2).
   It affects your dexterity (-3).
   It affects your resistance to hostile enchantments.
   It lets you fly.
 V - a +6 ring of evasion (left hand)
Wands
 o - a wand of digging (12/24)
 p - a wand of disintegration (20/24)
 q - a wand of enslavement (16/24)
 u - a wand of flame (27/48)
 z - a wand of iceblast (12/15)
 B - a wand of paralysis (11/24)
 I - a wand of scattershot (4/9)
 L - a wand of confusion (31/48)
Scrolls
 k - 9 scrolls of remove curse
 r - 17 scrolls of identify
 C - 8 scrolls of fog
 R - 22 scrolls of teleportation
 S - 12 scrolls of fear
 X - 2 scrolls of magic mapping
 Y - 9 scrolls of summoning
Potions
 c - 16 potions of curing
 f - 3 potions of haste
 g - 14 potions of might
 h - 16 potions of heal wounds
 Z - 4 potions of cancellation
Books
 M - a manual of Stealth
Miscellaneous
 A - 2 boxes of beasts
 J - a lightning rod (4/4)
 K - a lightning rod (4/4)
Comestibles
 i - 9 bread rations
 H - a royal jelly


   Skills:
 + Level 25.9 Fighting
 + Level 24.2(24.3) Axes
   Level 3.4(17.0) Maces & Flails
 + Level 18.1(18.2) Slings
 + Level 3.5(11.8) Throwing
 + Level 18.5 Armour
 + Level 7.5 Dodging
 * Level 7.6 Stealth
 + Level 23.6 Shields
 + Level 0.9 Unarmed Combat
 + Level 0.3 Spellcasting
 + Level 3.4 Evocations


You had 24 spell levels left.
You didn't know any spells.

Dungeon Overview and Level Annotations

Branches:
Dungeon (15/15)            Temple (1/1) D:6            Lair (6/6) D:10
 Shoals (4/4) Lair:3       Spider (4/4) Lair:2        Slime (0/5) Lair:6
    Orc (2/2) D:11            Elf (0/3) Orc:2        Vaults (5/5) D:13
  Crypt (0/3) Vaults:2     Depths (5/5) D:15            Zot (0/5) Depths:5

Altars:
Ashenzari
Cheibriados
Dithmenos
Elyvilon
Fedhas
Gozag
Hepliaklqana
Kikubaaqudgha
Makhleb
Nemelex Xobeh
Okawaru
Qazlal
Ru
Sif Muna
Trog
Uskayaw
Vehumet
Xom
Yredelemnul
Zin
The Shining One
Beogh
Jiyva

Shops:
D:12 (   D:14 !   Orc:2 (}(=(%([   Vaults:4 :   Depths:1 ?[!   Depths:3 [=?

Portals:
Hell: Depths:1 Depths:2 Depths:3 Depths:4 Depths:5
Abyss: Depths:3 Depths:4 Depths:5
Pandemonium: Depths:1 Depths:3 Depths:4
Ziggurat: Depths:4


Innate Abilities, Weirdness & Mutations

You reflexively headbutt those who attack you in melee.
You have a pair of horns on your head.
You are agile. (Dex +2)
You possess an exceptional clarity of mind.


Message History

The tormentor calls on the powers of darkness!
The yaktaur captain convulses!
The vault guard convulses!
The deep elf demonologist convulses!
The vault guard convulses!
Your body is wracked with pain!
* * * LOW HITPOINT WARNING * * *
You blink.
You feel slightly more hungry.
You found a teleport trap!
You feel sick.
Found 2 fruits, a runed hand crossbow and a scroll of immolation.
Unknown command.
You feel sick.
Found 3 poisoned javelins.
You feel sick.
The yaktaur captain wields an uncursed arbalest.
The yaktaur captain shoots a bolt.
The bolt hits you but does no damage.
Things that are here:
a bolt; 2 arrows You feel sick.
The Brimstone Fiend gestures at you.
The sphere of damnation explodes!
The damnation engulfs you!
You die...

,,*,,,*,,.#,,,*,,,*,,*,,*
,*,*,*,*.#.#,*,*,*,*,*,,*
*,,,*,,,#...#,,,*,,,##,,*
,*,*,*,*,#.#.#,*,*,#?#,,*
,,*,,,*,,,#...#,,,#).#,,*
,*,*,*,*,*,#.#.#,#%#(#,,*
*..,*,..*,..#...#^..#*,,*
.#.#.#.#.#.#.#.#(#.#,*,,*
..#...#...#...#(@.#,,*,,*
.#$#4#.#.#e#.#)#.#.#,*,,*
#.e.#.p.#.ep#...#...#*,,*
C#.#.#e#p#.#1#.#,#.#.#,,*
c.#...#22(#(..#,,,#..#,,*
p#.#p#)#)#c#.#,*,*,#.#,,*
#.p(#)p(#(2.#,,,*,,,...,*
#############*******,..,*
....,,,,,,,,,,,,,,,,,,,,*


You could see a Brimstone Fiend and a yaktaur captain.

Vanquished Creatures
  2 juggernauts
  Sojobo (Depths:2)
  Boris (Depths:5)
  Saint Roka (Depths:5)
  2 caustic shrikes (Depths:3)
  The ghost of Shimatora the Sorcerer, an adept DEFE of Vehumet (Vaults:4)
  Nikola (Vaults:1)
  The ghost of plantmann the Executioner, an adept HOGl of Okawaru (Vaults:3)
  A mutant beast (WizLab)
  7 golden dragons
  4 liches
  Rupert (D:12)
  2 tentacled monstrosities
  Asterion (Depths:1)
  A quicksilver dragon (Depths:5)
  Polyphemus (Shoals:2)
  3 titans
  7 sphinxes
  Gastronok (Orc:1)
  3 krakens
  6 shadow dragons
  Kirke (D:12)
  The ghost of p0werm0de the Champion of Chaos, an adept DDFi of Makhleb (Shoals:3)
  Donald (Vaults:3)
  2 storm dragons (Depths:5)
  7 tengu reavers
  Ilsuiw (Shoals:4)
  3 deep elf sorcerers
  10 fire giants
  A draconian scorcher (Depths:5)
  Louise (Depths:4)
  A balrug (Depths:2)
  12 vault wardens
  10 frost giants
  5 iron dragons
  A ghoul (Vaults:3)
  5 ghost moths (Spider:4)
  A spriggan defender (Depths:3)
  19 ironheart preservers
  6 emperor scorpions
  A reaper (Depths:4)
  24 very ugly things
  A war gargoyle (Vaults:5)
  3 vampire knights
  26 stone giants
  An entropy weaver (Spider:3)
  A red draconian (Depths:5)
  A lorocyproca (Depths:1)
  14 spark wasps
  3 white draconians (Depths:5)
  A deep elf annihilator (Vaults:5)
  A dire elephant (D:15)
  3 purple draconians (Depths:5)
  13 ettins
  5 merfolk javelineers
  The ghost of Kingsmith the Demon Slayer, a journeyman GrFi of the Shining One (Lair:4)
  The ghost of Artikas the Severer, a journeyman MiFi of the Shining One (Orc:2)
  A quicksilver dragon zombie (Vaults:5)
  7 merfolk impalers
  22 fire dragons
  The ghost of p0werm0de the Cleaver, a journeyman DDFi of Makhleb (Orc:2)
  10 yaktaur captains
  Harold (D:12)
  13 great orbs of eyes
  5 rakshasas
  18 vault guards
  A deep elf high priest (Depths:3)
  13 ice dragons
  A spriggan air mage (Depths:5)
  A hell beast (Depths:3)
  9 centaur warriors
  12 hydras
  A caustic shrike simulacrum (Depths:3)
  2 catoblepae
  4 death knights
  18 ogre magi
  6 tengu warriors
  An alligator snapping turtle (Shoals:1)
  53 two-headed ogres
  12 death yaks
  8 merfolk aquamancers
  5 merfolk avatars
  4 spriggan berserkers
  16 deep troll earth magi
  12 deep troll shamans
  A vampire mage (Depths:3)
  2 thrashing horrors (Abyss:2)
  A shock serpent (shapeshifter) (WizLab)
  A soul eater (Depths:4)
  2 deep elf knights (Vaults:5)
  An iron golem (WizLab)
  2 sun demons (Depths:2)
  4 shadow wraiths (Depths:2)
  8 hell knights (Depths:5)
  A spriggan (Depths:5)
  6 skeletal warriors
  9 sea snakes
  A death drake (shapeshifter) (WizLab)
  An iron troll (shapeshifter) (WizLab)
  3 unseen horrors
  A fire crab (shapeshifter) (WizLab)
  9 flayed ghosts
  4 iron trolls
  3 unseen horrors (shapeshifter)
  2 glowing orange brains (Depths:2)
  A torturous demonspawn (Depths:3)
  50 deep trolls
  3 starcursed masses (Abyss:2)
  8 phantasmal warriors
  A storm dragon skeleton (Vaults:4)
  7 deep elf archers
  An infernal demonspawn (Depths:1)
  An orange crystal statue (Shoals:2)
  3 wizards
  10 ironbrand convokers
  A lindwurm (Lair:6)
  A kraken simulacrum (Shoals:4)
  28 harpies
  2 orb spiders (shapeshifter)
  A wolf spider (shapeshifter) (Depths:5)
  25 orb spiders
  4 necromancers
  A sphinx zombie (Vaults:4)
  3 harpies (shapeshifter)
  19 orc knights
  5 oklob plants (Lair:5)
  5 orc sorcerers
  62 ugly things
  A salamander (shapeshifter) (WizLab)
  52 wolf spiders
  20 manticores
  A shadow dragon skeleton (Depths:3)
  4 deep elf magi
  3 cyclopes
  17 fauns
  A moth of wrath (shapeshifter) (Depths:3)
  An elephant (shapeshifter) (Depths:2)
  2 manticores (shapeshifter)
  A salamander (Depths:4)
  A worldbinder (Abyss:2)
  A moth of wrath (Spider:3)
  2 black mambas (Lair:6)
  6 elephants
  4 water nymphs (Shoals:4)
  12 merfolk sirens
  An eye of devastation (shapeshifter) (Vaults:4)
  16 vault sentinels
  2 smoke demons
  A stone giant skeleton (Vaults:5)
  Maurice (D:13)
  An apocalypse crab (Abyss:2)
  2 rust devils
  An orange demon (Depths:4)
  5 spiny frogs
  2 torpor snails
  A storm dragon simulacrum (Depths:3)
  A yaktaur zombie (Vaults:4)
  A gargoyle (D:15)
  15 demonic crawlers
  An elf skeleton (Depths:3)
  2 komodo dragons
  2 yaktaurs (shapeshifter) (WizLab)
  An efreet (Abyss:2)
  An elf (WizLab)
  A komodo dragon (shapeshifter) (WizLab)
  31 yaktaurs
  2 ice devils
  A human skeleton (Vaults:4)
  10 freezing wraiths
  An ancient zyme (Abyss:2)
  6 tengu conjurers
  3 queen bees (shapeshifter) (WizLab)
  2 polar bears
  A merfolk (shapeshifter) (Vaults:3)
  36 merfolk
  3 meliai (Spider:2)
  8 large abominations
  2 meliai (shapeshifter)
  49 jumping spiders
  A hornet (shapeshifter) (WizLab)
  2 queen bees
  5 wind drakes
  9 trolls
  A polar bear (shapeshifter) (Abyss:2)
  16 snapping turtles
  4 raiju (Abyss:2)
  29 slime creatures
  A sphinx simulacrum (Vaults:1)
  A blink frog (shapeshifter) (WizLab)
  A slime creature (shapeshifter) (Vaults:4)
  9 hornets
  Prince Ribbit (D:7)
  12 blink frogs
  6 hippogriffs
  A flying skull (Abyss:2)
  2 dream sheep (Shoals:3)
  97 redbacks
  A spriggan (shapeshifter) (WizLab)
  A centaur simulacrum (D:15)
  2 tarantellas (shapeshifter) (WizLab)
  8 wraiths
  3 shadows
  44 tarantellas
  23 water elementals
  2 yaks (shapeshifter) (WizLab)
  Eustachio (D:7)
  2 redbacks (shapeshifter)
  42 yaks
  A golden eye (shapeshifter) (D:15)
  A hog (shapeshifter) (Depths:2)
  2 humans (WizLab)
  2 wyverns
  3 basilisks
  3 hogs (D:12)
  2 basilisks (shapeshifter)
  4 chaos spawn
  3 hungry ghosts
  A yaktaur simulacrum (Vaults:5)
  7 vampire mosquitoes
  A soldier ant (D:13)
  An acid dragon (shapeshifter) (WizLab)
  A soldier ant (shapeshifter) (Vaults:4)
  A warg (Vaults:4)
  17 water moccasins
  Duvessa (D:4)
  2 acid dragons
  9 floating eyes
  A porcupine (shapeshifter) (WizLab)
  8 porcupines
  7 ice beasts
  A sky beast (shapeshifter) (WizLab)
  An elf simulacrum (Depths:3)
  A meliai simulacrum (D:15)
  53 orc warriors
  An eye of draining (shapeshifter) (Vaults:1)
  4 phantoms
  A swamp drake (Orc:1)
  2 eyes of draining
  An elf zombie (Vaults:5)
  An ogre (shapeshifter) (Vaults:4)
  4 sky beasts
  A necrophage (D:14)
  5 black bears
  16 centaurs
  9 wolves
  7 boggarts
  63 ogres
  13 crocodiles
  13 small abominations
  3 big kobolds
  18 bullfrogs
  2 big kobolds (shapeshifter)
  2 gnoll sergeants (D:7)
  Dowan (D:4)
  2 wyvern zombies
  A wyvern skeleton (D:9)
  A water moccasin zombie (D:6)
  7 scorpions
  57 killer bees
  A killer bee (shapeshifter) (Vaults:4)
  5 wights
  3 electric eels
  4 howler monkeys
  5 centaur zombies
  11 crimson imps
  A bullfrog zombie (D:7)
  2 human simulacra
  2 jellies
  4 quasits
  20 orc priests
  3 centaur skeletons
  8 hounds
  26 orc wizards
  3 bullfrog skeletons
  7 iron imps
  Jessica (D:3)
  8 worker ants
  Natasha (thrice) (D:2)
  Terence (D:3)
  5 iguanas
  A worker ant zombie (D:10)
  9 adders
  An adder (shapeshifter) (Depths:3)
  3 gnolls (D:4)
  2 shadow imps
  3 white imps
  An ufetubus (Depths:3)
  An ooze (D:3)
  An adder skeleton (D:4)
  4 worms
  3 dart slugs
  5 leopard geckos
  128 orcs
  A ball python (D:2)
  5 giant cockroaches
  16 goblins
  12 hobgoblins
  19 jackals
  10 quokkas
  5 bats
  7 frilled lizards
  17 kobolds
  A leopard gecko zombie (D:6)
  A quokka skeleton (D:5)
  A quokka zombie (D:5)
  3 rats
  A bush (Lair:6)
  11 fungi
  14 plants
  10 tentacles
2254 creatures vanquished.

Vanquished Creatures (others)
  A shadow dragon (Depths:5)
  2 stone giants (Depths:5)
  2 merfolk javelineers (Shoals:4)
  4 yaktaur captains
  An ice dragon (Depths:2)
  A merfolk avatar (Shoals:4)
  2 centaur warriors
  4 satyrs
  A deep elf knight (Vaults:5)
  A deep troll (Vaults:4)
  3 deep elf archers
  A necromancer (Depths:3)
  2 fauns (Shoals:3)
  19 yaktaurs
  A demonic crawler (Spider:1)
  A jumping spider (Spider:4)
  3 slime creatures (Vaults:1)
  3 humans (D:12)
  An orc warrior (Vaults:4)
  An ogre (Vaults:3)
  4 centaurs
  A crimson imp (D:12)
  An orc wizard (Orc:2)
  2 orcs
  6 fungi
  20 plants
  18 tentacles
106 creatures vanquished.

Grand Total: 2360 creatures vanquished

Notes
Turn   | Place    | Note
-------+----------+-------------------------------------------
     0 | D:1      | Musashi the Minotaur Berserker began the quest for the Orb.
     0 | D:1      | Reached XP level 1. HP: 19/19 MP: 0/0
   296 | D:1      | Reached XP level 2. HP: 27/27 MP: 1/1
   328 | D:1      | Reached skill level 4 in Fighting
   785 | D:1      | Reached XP level 3. HP: 33/33 MP: 2/2
  1092 | D:2      | Reached ** piety under Trog
  1394 | D:2      | Reached skill level 1 in Slings
  1415 | D:2      | Noticed Natasha
  1421 | D:2      | Killed Natasha
  1421 | D:2      | Reached XP level 4. HP: 41/41 MP: 3/3
  1718 | D:2      | Noticed Natasha
  1731 | D:2      | Killed Natasha
  1744 | D:2      | Noticed Natasha
  1846 | D:2      | Killed Natasha
  1846 | D:2      | Reached XP level 5. HP: 39/47 MP: 4/4
  1957 | D:3      | Noticed Jessica
  1990 | D:3      | Killed Jessica
  2005 | D:3      | Reached *** piety under Trog
  2230 | D:3      | Reached XP level 6. HP: 53/53 MP: 5/5
  2234 | D:3      | Noticed Terence
  2247 | D:3      | Killed Terence
  2578 | D:4      | Found a sparkling altar of Nemelex Xobeh.
  2730 | D:4      | Noticed Duvessa
  2741 | D:4      | Killed Duvessa
  2741 | D:4      | Reached skill level 5 in Slings
  2747 | D:4      | Noticed Dowan
  2750 | D:4      | Killed Dowan
  2835 | D:4      | Reached skill level 5 in Fighting
  2835 | D:4      | Reached XP level 7. HP: 60/61 MP: 6/6
  3159 | D:4      | Reached skill level 5 in Axes
  3367 | D:5      | Entered Level 5 of the Dungeon
  3419 | D:5      | You fall through a shaft for 2 floors!
  3513 | D:6      | Reached **** piety under Trog
  3627 | D:5      | Found a burning altar of Makhleb.
  4064 | D:5      | Reached XP level 8. HP: 70/70 MP: 7/7
  4283 | D:5      | Found a shattered altar of Ashenzari.
  4586 | D:6      | Reached skill level 5 in Armour
  4743 | D:6      | Reached skill level 6 in Fighting
  5168 | D:6      | Found a staircase to the Ecumenical Temple.
  5177 | Temple   | Entered the Ecumenical Temple
  5654 | D:7      | Reached XP level 9. HP: 78/78 MP: 8/8
  5756 | D:7      | Reached skill level 7 in Fighting
  5833 | D:7      | Noticed Prince Ribbit
  5844 | D:7      | Killed Prince Ribbit
  5866 | D:7      | Noticed Eustachio
  5882 | D:7      | Killed Eustachio
  5890 | D:7      | Reached ***** piety under Trog
  6234 | D:8      | Reached skill level 8 in Fighting
  6260 | D:8      | Got a coiled glass ring
  6262 | D:8      | Identified the ring "Lobuzie" {+Fly rElec AC+3} (You found it on level 8 of the Dungeon)
  6295 | D:8      | Found a snail-covered altar of Cheibriados.
  6511 | D:8      | Noticed a two-headed ogre
  6520 | D:8      | Killed a two-headed ogre
  6520 | D:8      | Reached XP level 10. HP: 62/90 MP: 9/9
  6632 | D:8      | Found a hazy altar of Hepliaklqana.
  6696 | D:8      | Found a shimmering altar of Xom.
  7270 | D:8      | Reached skill level 1 in Shields
  7548 | D:9      | Reached skill level 10 in Slings
  7651 | D:9      | Reached skill level 5 in Dodging
  7676 | D:9      | Reached skill level 10 in Axes
  7681 | D:9      | Reached skill level 9 in Fighting
  8070 | D:10     | Entered Level 10 of the Dungeon
  8118 | D:10     | Found a blossoming altar of Fedhas.
  8315 | D:10     | Found a staircase to the Lair.
  8357 | D:10     | Received a gift from Trog
  8773 | D:10     | Gained mutation: Your spells are a little easier to cast, but a little less powerful. [potion of mutation]
  8773 | D:10     | Gained mutation: You are agile. (Dex +2) [potion of mutation]
  8773 | D:10     | Gained mutation: You possess an exceptional clarity of mind. [potion of mutation]
  8773 | D:10     | Lost mutation: Your spells are a little easier to cast, but a little less powerful. [potion of mutation]
  9342 | D:11     | Noticed a two-headed ogre
  9356 | D:11     | Killed a two-headed ogre
  9356 | D:11     | Reached XP level 11. HP: 56/99 MP: 10/10
  9413 | D:11     | Noticed a green ugly thing
  9431 | D:11     | Killed a green ugly thing
  9540 | D:11     | Reached skill level 10 in Fighting
  9560 | D:11     | Received a gift from Trog
  9837 | D:11     | Reached skill level 1 in Stealth
 10110 | D:11     | Received a gift from Trog
 10281 | D:11     | Found a staircase to the Orcish Mines.
 10431 | Lair:1   | Entered Level 1 of the Lair of Beasts
 10864 | Lair:1   | Noticed a six-headed hydra
 10893 | Lair:1   | Killed a six-headed hydra
 11374 | Lair:1   | Reached skill level 11 in Fighting
 12032 | Lair:2   | Got a spiked cloak
 12043 | Lair:2   | Identified the +5 cloak of the First Snow {rF++ Str+5} (You found it on level 2 of the Lair of Beasts)
 12134 | Lair:2   | Reached XP level 12. HP: 110/110 MP: 11/11
 12309 | Lair:2   | Received a gift from Trog
 13266 | Lair:3   | Found a staircase to the Shoals.
 13569 | Lair:4   | Reached skill level 1 in Evocations
 14113 | Lair:4   | Noticed Kingsmith's ghost (journeyman GrFi)
 14130 | Lair:4   | Killed Kingsmith's ghost
 14354 | Lair:5   | Noticed a five-headed hydra
 14366 | Lair:5   | Killed a five-headed hydra
 14366 | Lair:5   | Reached skill level 12 in Fighting
 14489 | Lair:5   | Reached skill level 1 in Maces & Flails
 14553 | Lair:5   | Noticed a seven-headed hydra
 14567 | Lair:5   | Killed a seven-headed hydra
 14567 | Lair:5   | Reached skill level 5 in Shields
 14746 | Lair:5   | Got a pitted leather armour
 14757 | Lair:5   | Identified the +2 leather armour of the Trombone {SInv} (You found it on level 5 of the Lair of Beasts)
 14884 | Lair:5   | Reached skill level 10 in Armour
 14891 | Lair:5   | Noticed a seven-headed hydra
 14911 | Lair:5   | Killed a seven-headed hydra
 15126 | Lair:5   | Noticed a seven-headed hydra
 15135 | Lair:5   | Killed a seven-headed hydra
 15135 | Lair:5   | Reached XP level 13. HP: 108/119 MP: 12/12
 15864 | Lair:6   | Entered Level 6 of the Lair of Beasts
 16060 | Lair:6   | Found a staircase to the Slime Pits.
 16060 | Lair:6   | Found a viscous altar of Jiyva.
 16438 | Lair:6   | Reached skill level 13 in Fighting
 16465 | Lair:6   | Received a gift from Trog
 17103 | Lair:6   | Reached ****** piety under Trog
 17476 | Lair:6   | Reached skill level 15 in Axes
 18168 | Orc:1    | Entered Level 1 of the Orcish Mines
 18734 | Orc:1    | Got a polished hat
 18745 | Orc:1    | Identified the +4 hat of Nemnes {+Blink} (You found it on level 1 of the Orcish Mines)
 18868 | Orc:1    | Received a gift from Trog
 18942 | Orc:1    | Noticed Gastronok
 18965 | Orc:1    | Killed Gastronok
 18965 | Orc:1    | Reached XP level 14. HP: 130/130 MP: 4/13
 19091 | Orc:2    | Entered Level 2 of the Orcish Mines
 19091 | Orc:2    | Found a roughly hewn altar of Beogh.
 19147 | Orc:2    | Received a gift from Trog
 19162 | Orc:2    | Got a scorched executioner's axe {god gift}
 19262 | Orc:2    | Found Ismua's Weapon Boutique.
 19270 | Orc:2    | Found Adaej's Armour Shoppe.
 19363 | Orc:2    | Found Guj Bacu's Food Emporium.
 19370 | Orc:2    | Noticed Artikas's ghost (journeyman MiFi)
 19393 | Orc:2    | Killed Artikas's ghost
 19620 | Orc:1    | Reached skill level 14 in Fighting
 19762 | Orc:2    | Noticed p0werm0de's ghost (journeyman DDFi)
 19773 | Orc:2    | Killed p0werm0de's ghost
 19915 | Orc:2    | Found Ocrukhok's Weapon Emporium.
 20232 | Orc:2    | Received a gift from Trog
 20380 | Orc:2    | Found Buidoyla's Jewellery Boutique.
 20380 | Orc:2    | Found Senkat's Gadget Shoppe.
 20380 | Orc:2    | Found Myer's Antique Weapon Shoppe.
 20380 | Orc:2    | Found Fetabb's Antique Weapon Shop.
 20443 | Orc:2    | Found a staircase to the Elven Halls.
 20823 | Orc:2    | Identified the +7 executioner's axe of Rael {freeze, MR++} (Trog gifted it to you on level 2 of the Orcish Mines)
 21156 | Lair:2   | Found a hole to the Spider Nest.
 21733 | D:11     | Received a gift from Trog
 21809 | Orc:2    | Bought a runed blowgun for 165 gold pieces
 21865 | Orc:2    | Bought 8 needles of sleeping for 60 gold pieces
 22046 | Spider:1 | Entered Level 1 of the Spider Nest
 22448 | Spider:1 | Noticed an emperor scorpion
 22461 | Spider:1 | Killed an emperor scorpion
 22860 | Spider:1 | Reached skill level 15 in Fighting
 22873 | Spider:1 | Reached XP level 15. HP: 123/141 MP: 4/14
 24279 | Spider:2 | Received a gift from Trog
 25618 | Spider:1 | Reached skill level 16 in Fighting
 26352 | Spider:3 | Received a gift from Trog
 26998 | Spider:3 | Reached XP level 16. HP: 152/152 MP: 13/15
 27741 | Spider:4 | Entered Level 4 of the Spider Nest
 27909 | Spider:4 | Got a distressingly furry scale mail
 27945 | Spider:3 | Identified the +2 scale mail of Veur {rF+} (You found it on level 4 of the Spider Nest)
 28871 | Spider:4 | Received a gift from Trog
 29516 | Spider:4 | Reached skill level 17 in Fighting
 29626 | Spider:4 | Reached skill level 10 in Shields
 30005 | Spider:4 | Received a gift from Trog
 30650 | Spider:4 | Got a gossamer rune of Zot
 31150 | Spider:1 | Received a gift from Trog
 31718 | Spider:1 | Reached XP level 17. HP: 162/162 MP: 16/16
 32066 | D:12     | Noticed Harold
 32071 | D:12     | Noticed Kirke
 32087 | D:12     | Killed Kirke
 32106 | D:12     | Killed Harold
 32272 | D:12     | Found Dicwal's Weapon Shoppe.
 32297 | D:12     | Noticed Rupert
 32299 | D:12     | Paralysed by Rupert for 5 turns
 32313 | D:12     | Killed Rupert
 32644 | D:12     | Received a gift from Trog
 33872 | D:13     | Noticed Maurice
 33885 | D:13     | Killed Maurice
 33986 | D:13     | Found a gate to the Vaults.
 34275 | D:14     | Found a sacrificial altar of Ru.
 34327 | D:14     | Reached skill level 18 in Fighting
 34343 | D:14     | Received a gift from Trog
 34375 | D:14     | Found a flagged portal.
 34394 | Bailey   | Entered a bailey
 34879 | D:14     | Identified a scroll of acquirement
 34883 | D:14     | Reached skill level 15 in Slings
 34883 | D:14     | Reached skill level 1 in Throwing
 34883 | D:14     | Reached XP level 18. HP: 172/172 MP: 17/17
 35525 | D:14     | Found Lanutz's Distillery.
 35625 | D:15     | Entered Level 15 of the Dungeon
 35901 | D:15     | Received a gift from Trog
 36115 | D:15     | Found a staircase to the Depths.
 36178 | D:15     | Received a gift from Trog
 36611 | D:15     | Got a scorched trident
 36612 | D:15     | Identified the cursed +1 trident "Worm's Wrath" {drain, SInv} (You found it on level 15 of the Dungeon)
 37220 | Orc:2    | Bought a +2 shield of protection for 258 gold pieces
 37242 | Orc:2    | Bought a bread ration for 50 gold pieces
 37242 | Orc:2    | Bought a bread ration for 50 gold pieces
 37242 | Orc:2    | Bought a bread ration for 50 gold pieces
 37242 | Orc:2    | Bought a bread ration for 50 gold pieces
 37281 | Orc:2    | Bought an uncursed ring of poison resistance for 280 gold pieces
 37503 | Shoals:1 | Entered Level 1 of the Shoals
 38353 | Shoals:2 | Noticed Polyphemus
 38456 | Shoals:2 | Killed Polyphemus
 38954 | Shoals:2 | Received a gift from Trog
 38954 | Shoals:2 | Reached XP level 19. HP: 181/181 MP: 18/18
 39413 | Shoals:2 | Reached skill level 19 in Fighting
 39739 | Shoals:3 | Noticed p0werm0de's ghost (adept DDFi)
 39792 | Shoals:3 | Killed p0werm0de's ghost
 40703 | Shoals:4 | Entered Level 4 of the Shoals
 40851 | Shoals:4 | Noticed Ilsuiw
 40918 | Shoals:4 | Killed Ilsuiw
 40918 | Shoals:4 | Reached skill level 15 in Shields
 41129 | Shoals:3 | Reached skill level 15 in Armour
 41187 | Shoals:4 | Received a gift from Trog
 41236 | Shoals:4 | Received a gift from Trog
 42250 | Shoals:4 | Got a slimy spear
 42270 | Shoals:4 | Identified the cursed +2 spear of Xerghoer {freeze, +Fly rPois rF+ rN+} (You found it on level 4 of the Shoals)
 42438 | Shoals:4 | Received a gift from Trog
 42470 | Shoals:4 | Got a clouded pewter ring
 42805 | Shoals:4 | Got a barnacled rune of Zot
 43093 | D:10     | Identified the cursed ring of Xom's Whimsicality {+Fly MR++ Int+2 Dex-3} (You took it off a merfolk siren on level 4 of the Shoals)
 43103 | D:10     | Received a gift from Trog
 44157 | D:14     | Bought a potion of cancellation for 136 gold pieces
 44157 | D:14     | Bought a potion of haste for 170 gold pieces
 44221 | Depths:1 | Entered Level 1 of the Depths
 44481 | Depths:1 | Noticed Asterion
 44492 | Depths:1 | Killed Asterion
 44544 | Depths:1 | Noticed a lich
 44548 | Depths:1 | Killed a lich
 44548 | Depths:1 | Reached XP level 20. HP: 187/193 MP: 20/20
 44588 | Depths:1 | Received a gift from Trog
 44792 | Depths:1 | Found Orunk's Distillery.
 44796 | Depths:1 | Found Petwot's Armour Shop.
 44797 | Depths:1 | Found Nesategh's Magic Scroll Boutique.
 44807 | Depths:1 | Bought a +2 pair of gloves of archery for 365 gold pieces
 45053 | Depths:1 | Found a one-way gate leading to the halls of Pandemonium.
 45100 | Depths:1 | Reached skill level 20 in Fighting
 45514 | Depths:1 | Received a gift from Trog
 45773 | Depths:1 | Found a gateway to Hell.
 47025 | Depths:2 | Noticed Sojobo
 47061 | Depths:2 | Killed Sojobo
 47410 | Depths:2 | Paralysed by a great orb of eyes for 4 turns
 48027 | Depths:2 | Noticed a juggernaut
 48043 | Depths:2 | Killed a juggernaut
 48437 | Depths:2 | Reached skill level 21 in Fighting
 48772 | Depths:2 | Received a gift from Trog
 49200 | Depths:2 | Got a scorched pewter ring
 49206 | Depths:2 | Identified the ring "Trusted Companion" {Ice Str-3 Int+6} (You found it on level 2 of the Depths)
 49211 | Depths:2 | Got a shimmering ring mail
 49222 | Depths:2 | Identified the +4 ring mail of Zonib {rPois rC- Str-3 Int+7} (You found it on level 2 of the Depths)
 49239 | Depths:2 | Got an ancient chain mail
 49250 | Depths:2 | Identified the +1 chain mail of the Endless Expanse {rC+ rN+} (You found it on level 2 of the Depths)
 49419 | Depths:2 | Paralysed by a great orb of eyes for 2 turns
 49503 | Depths:2 | Reached XP level 21. HP: 204/204 MP: 21/21
 49950 | Depths:3 | Noticed a juggernaut
 49960 | Depths:3 | Killed a juggernaut
 49993 | Depths:3 | Noticed a caustic shrike
 49999 | Depths:3 | Killed a caustic shrike
 50321 | Depths:3 | Paralysed by a floating eye for 4 turns
 50344 | Depths:2 | Received a gift from Trog
 50660 | Depths:3 | Noticed a golden dragon
 50669 | Depths:3 | Killed a golden dragon
 50998 | Depths:3 | Noticed a caustic shrike
 51008 | Depths:3 | Paralysed by a floating eye for 3 turns
 51012 | Depths:3 | Killed a caustic shrike
 51017 | Depths:3 | Paralysed by a floating eye for 3 turns
 51269 | Depths:3 | Reached skill level 22 in Fighting
 51512 | Depths:3 | Found Sixurooxay's Jewellery Emporium.
 51531 | Depths:3 | Paralysed by a floating eye for 4 turns
 51552 | Depths:3 | Got an encrusted demon blade {flame}
 51553 | Depths:3 | Identified the cursed +1 demon blade of Infection {flame, +Blink rF- rN+} (You took it off a tengu conjurer on level 3 of the Depths)
 51621 | Depths:3 | Found Qaba's Antique Armour Shoppe.
 51646 | Depths:3 | Noticed a golden dragon
 51659 | Depths:3 | Killed a golden dragon
 51706 | Depths:3 | Found a one-way gate to the infinite horrors of the Abyss.
 51933 | Depths:3 | Found Qiucobb's Magic Scroll Shop.
 51943 | Depths:3 | Bought a scroll of identify for 34 gold pieces
 51943 | Depths:3 | Bought a scroll of identify for 34 gold pieces
 51943 | Depths:3 | Bought a scroll of identify for 34 gold pieces
 51943 | Depths:3 | Bought 3 scrolls of teleportation for 153 gold pieces
 51943 | Depths:3 | Bought a scroll of fear for 59 gold pieces
 51943 | Depths:3 | Bought a scroll of enchant weapon for 127 gold pieces
 52214 | Depths:3 | Received a gift from Trog
 52615 | Depths:3 | Identified the +2 chain mail of the Crown {MP+9 Dex+5} (You found it on level 3 of the Depths)
 52654 | Depths:4 | Reached XP level 22. HP: 177/217 MP: 23/23
 52789 | Depths:4 | Found a runed door.
 52806 | Depths:4 | Cast into level 2 of the Abyss (a deep elf sorcerer)
 53069 | Abyss:2  | Received a gift from Trog
 53194 | Depths:4 | Escaped the Abyss
 53259 | Depths:4 | Got a faintly glowing marble ring
 53280 | Depths:4 | Noticed Louise
 53300 | Depths:4 | Killed Louise
 53300 | Depths:4 | Received a gift from Trog
 53507 | Depths:4 | Identified the ring "Dixta" {rCorr rElec rF+} (You took it off a deep elf sorcerer on level 4 of the Depths)
 53588 | Depths:4 | Found a gateway to a ziggurat.
 54277 | Depths:5 | Entered Level 5 of the Depths
 55128 | Depths:5 | Noticed Boris
 55142 | Depths:5 | Killed Boris
 55147 | Depths:5 | Received a gift from Trog
 55288 | Depths:5 | Paralysed by a floating eye for 2 turns
 55420 | Depths:5 | Reached skill level 23 in Fighting
 55558 | Depths:5 | Noticed a golden dragon
 55575 | Depths:5 | Killed a golden dragon
 55697 | Depths:5 | Noticed a golden dragon
 55708 | Depths:5 | Killed a golden dragon
 55837 | Depths:5 | Noticed a golden dragon
 55845 | Depths:5 | Paralysed by a floating eye for 2 turns
 55850 | Depths:5 | Paralysed by a floating eye for 3 turns
 55858 | Depths:5 | Paralysed by a floating eye for 4 turns
 55865 | Depths:5 | Paralysed by a floating eye for 2 turns
 55871 | Depths:5 | Killed a golden dragon
 56183 | Depths:5 | Reached XP level 23. HP: 163/227 MP: 24/24
 56656 | Depths:5 | Received a gift from Trog
 57039 | Depths:5 | Paralysed by a floating eye for 4 turns
 57153 | Depths:5 | Found a gate to the Realm of Zot.
 57278 | Depths:5 | Noticed Saint Roka
 57894 | Depths:5 | Killed Saint Roka
 59315 | Depths:5 | Received a gift from Trog
 60489 | Depths:1 | Bought a scroll of remove curse for 48 gold pieces
 60489 | Depths:1 | Bought a scroll of recharging for 152 gold pieces
 60489 | Depths:1 | Bought 2 scrolls of recharging for 304 gold pieces
 60489 | Depths:1 | Bought a scroll of silence for 120 gold pieces
 60489 | Depths:1 | Bought a scroll of enchant armour for 120 gold pieces
 60489 | Depths:1 | Bought a scroll of enchant weapon for 120 gold pieces
 60489 | Depths:1 | Bought a scroll of teleportation for 48 gold pieces
 60489 | Depths:1 | Bought a scroll of remove curse for 48 gold pieces
 60489 | Depths:1 | Bought a scroll of fear for 56 gold pieces
 60489 | Depths:1 | Bought a scroll of teleportation for 48 gold pieces
 60667 | Vaults:1 | Entered Level 1 of the Vaults
 60705 | Vaults:1 | Received a gift from Trog
 60789 | Vaults:1 | Reached skill level 24 in Fighting
 60849 | Vaults:1 | Got a polished lajatang
 60903 | Vaults:1 | Received a gift from Trog
 60952 | Vaults:1 | Noticed Nikola
 60965 | Vaults:1 | Killed Nikola
 61241 | Vaults:1 | Identified the +8 lajatang "Juumea Mouco" {venom, *Slow rPois rN+ Dex+8} (You found it on level 1 of the Vaults)
 61970 | Vaults:1 | Received a gift from Trog
 62795 | Vaults:2 | Found a magical portal.
 62845 | WizLab   | Entered Cigotuvi's Fleshworks
 62876 | WizLab   | Received a gift from Trog
 62886 | WizLab   | Reached XP level 24. HP: 239/239 MP: 24/24
 63062 | WizLab   | Received a gift from Trog
 63627 | WizLab   | Paralysed by a floating eye for 4 turns
 63636 | WizLab   | Paralysed by a floating eye for 4 turns
 63694 | WizLab   | Paralysed by a floating eye for 4 turns
 63715 | WizLab   | Paralysed by a floating eye for 3 turns
 63808 | WizLab   | Got a scorched amber ring
 63818 | WizLab   | Identified the cursed ring "Meruus" {rF++ MR+ AC-3 Str+3} (You found it in a wizard's laboratory)
 65161 | Vaults:2 | Received a gift from Trog
 65483 | Vaults:2 | Found a staircase to the Crypt.
 66933 | Vaults:3 | Reached skill level 25 in Fighting
 67068 | Vaults:3 | Noticed plantmann's ghost (adept HOGl)
 67068 | Vaults:3 | Received a gift from Trog
 67101 | Vaults:3 | Killed plantmann's ghost
 67256 | Vaults:3 | Got a scorched hand axe {god gift}
 67257 | Vaults:3 | Identified the +6 hand axe of Ipijob {chop, rPois} (Trog gifted it to you on level 3 of the Vaults)
 67342 | Vaults:3 | Noticed Donald
 67348 | Vaults:3 | Killed Donald
 67444 | Vaults:3 | Identified the +1 ring mail "Zoximut" {Regen+ Str+5} (You found it on level 3 of the Vaults)
 67681 | Vaults:3 | Paralysed by a sphinx for 5 turns
 68384 | Vaults:4 | Noticed Shimatora's ghost (adept DEFE)
 68407 | Vaults:4 | Killed Shimatora's ghost
 68659 | Vaults:4 | Received a gift from Trog
 68752 | Vaults:4 | Reached XP level 25. HP: 248/250 MP: 24/24
 69017 | Vaults:4 | Found Canorax's Book Shoppe.
 69082 | Vaults:4 | Bought a manual of Stealth for 1766 gold pieces
 69847 | Vaults:4 | Reached skill level 5 in Stealth
 70505 | Vaults:5 | Entered Level 5 of the Vaults
 70515 | Vaults:5 | Received a gift from Trog
 70536 | Vaults:5 | Received a gift from Trog
 70581 | Vaults:5 | Received a gift from Trog
 70615 | Vaults:5 | Received a gift from Trog
 70640 | Vaults:5 | HP: 10/253 [???[an ironheart preserver] (7)]
 70641 | Vaults:5 | HP: 3/253 [mirror damage (3)]
 70646 | Vaults:5 | HP: 11/253 [poisoned by a reaper]
 70647 | Vaults:5 | Killed from afar by a Brimstone Fiend

Skill      XL: |  1  2  3  4  5  6  7  8  9 10 11 12 13 14 15 16 17 18 19 20 21 22 23 24 25 |
---------------+----------------------------------------------------------------------------+-----
Fighting       | 4 5 6 8 9 11 12 13 15 16 17 18 19 21 22 23 24 25 | 25.9
Axes           | 4 5 7 9 11 12 13 15 16 17 18 19 20 21 22 23 24 | 24.2
Armour         | 3 4 5 6 7 9 10 11 12 13 14 15 16 17 18 | 18.5
Slings         | 2 3 4 5 6 8 9 10 11 12 13 14 15 16 17 18 | 18.1
Dodging        | 3 4 5 6 7 |  7.5
Shields        | 2 3 5 6 7 8 11 12 13 16 17 19 20 21 22 23 | 23.6
Stealth        | 1 3 4 7 |  7.6
Evocations     | 1 2 3 |  3.4
Maces & Flails | 2 3 |  3.4
Throwing       | 1 2 3 |  3.5
Unarmed Combat | |  0.9
Spellcasting   | |  0.3

Action                   |  1- 3 |  4- 6 |  7- 9 | 10-12 | 13-15 | 16-18 | 19-21 | 22-24 | 25-27 || total
-------------------------+-------+-------+-------+-------+-------+-------+-------+-------+-------++-------
Melee: Hand axe          |    53 |    94 |    84 |       |       |       |       |       |       ||   231
       Headbutt          |    10 |    16 |    46 |   163 |   209 |   183 |   373 |   421 |    65 ||  1486
       War axe           |       |       |   133 |   482 |    83 |       |       |       |       ||   698
       Flail             |       |       |       |    23 |       |     5 |       |       |       ||    28
       Broad axe         |       |       |       |       |   583 |   616 |  1016 |  1148 |   230 ||  3593
       Fustibalus        |       |       |       |       |       |     1 |       |       |       ||     1
       Spear             |       |       |       |       |       |       |     5 |       |       ||     5
 Fire: Hunting sling     |    49 |    68 |   185 |   409 |   343 |    96 |       |       |       ||  1150
       Fustibalus        |       |       |       |       |   300 |   514 |   749 |   625 |    82 ||  2270
       Blowgun           |       |       |       |       |     8 |       |     4 |       |       ||    12
Throw: Tomahawk          |       |       |       |     1 |     1 |       |    15 |       |       ||    17
       Javelin           |       |       |       |       |       |       |     2 |     7 |       ||     9
Invok: Berserk           |     1 |     1 |     1 |     2 |     3 |     2 |     1 |     1 |       ||    12
       Trog's Hand       |       |       |     1 |       |       |     1 |       |     5 |       ||     7
       Burn Spellbooks   |       |       |       |     2 |     1 |     2 |     6 |     3 |       ||    14
 Abil: Evoke Flight      |       |       |       |     1 |       |       |    19 |     2 |       ||    22
       Evoke Blink       |       |       |       |       |     1 |       |       |       |     1 ||     2
       Stop Flying       |       |       |       |       |       |       |     8 |     1 |       ||     9
Evoke: Wand              |       |       |     1 |       |       |       |     3 |     6 |       ||    10
       Box of beasts     |       |       |       |       |       |       |     1 |       |       ||     1
  Use: Scroll            |       |     6 |     8 |    12 |     7 |    14 |    14 |    15 |     2 ||    78
       Potion            |       |       |     3 |    10 |     1 |     4 |       |       |     4 ||    22
 Stab: Petrified         |       |       |       |       |    14 |       |       |       |       ||    14
       Petrifying        |       |       |       |       |     1 |       |       |       |       ||     1
       Distracted        |       |       |       |       |       |     1 |       |     1 |       ||     2
  Eat: Chunk             |     3 |     5 |    14 |    23 |    18 |    23 |    25 |    37 |     3 ||   151
       Fruit             |       |       |       |     1 |     1 |       |       |       |       ||     2
       Meat ration       |       |       |       |     1 |     3 |       |     1 |     2 |       ||     7
       Bread ration      |       |       |       |       |     1 |     4 |     4 |     2 |       ||    11
Armor: Ring mail         |    25 |    29 |    95 |    51 |       |       |       |       |       ||   200
       Animal skin       |     1 |       |       |       |       |       |       |       |       ||     1
       Plate armour      |       |       |       |   201 |   371 |   457 |   394 |    66 |       ||  1489
       Gold dragon scale |       |       |       |       |       |       |       |   237 |    44 ||   281
Dodge: Dodged            |    27 |    62 |   142 |   334 |   513 |   529 |   432 |   309 |    64 ||  2412
Block: Buckler           |       |       |     2 |   101 |   276 |   357 |       |       |       ||   736
       Reflection        |       |       |       |       |       |    34 |   134 |   126 |    23 ||   317
       Shield            |       |       |       |       |       |   177 |  1110 |  1065 |   255 ||  2607
